 Dungeon Crawl Stone Soup version 0.29.1-1-gd02db6906a (webtiles) character file.

Game seed: 16251719444943598390

66 Jafar the Magician (level 4, -2/31 HPs)
             Began as a Djinni Venom Mage on Oct 20, 2022.
             Slain by Natasha (5 damage)
             ... on level 2 of the Dungeon.
             The game lasted 00:07:37 (1878 turns).

Jafar the Magician (Djinni Venom Mage)              Turns: 1878, Time: 00:07:37

Health: -2/31      AC:  2    Str:  9    XL:     4   Next: 37%
Gold:   140        EV: 12    Int: 17    God:
                   SH:  0    Dex: 13

rFire   + + .      SeeInvis .   e - +2 dagger (freeze)
rCold   x . .      Faith    .   (no shield)
rNeg    . . .      Spirit   .   a - +0 robe
rPois   ∞          Reflect  .   (no helmet)
rElec   .          Harm     .   (no cloak)
rCorr   .          Rampage  .   (no gloves)
Will    .....                   (boots unavailable)
Stlth   ++........              (no amulet)
HPRegen 0.10/turn               (no ring)
MPRegen 0.00/turn               (no ring)

@: flying
A: sickness immunity, fire resistance 2, cold vulnerability 1, float, innate
caster, HP casting, extra vitality 1
a: no special abilities


You were on level 2 of the Dungeon.
You visited 1 branch of the dungeon, and saw 3 of its levels.

You collected 140 gold pieces.

Inventory:

Hand Weapons
 e - a +2 dagger of freezing (weapon)
Armour
 a - a +0 robe (worn)
Scrolls
 f - a scroll of identify {unknown}
 g - 3 scrolls of noise
Potions
 b - a potion of invisibility
 c - 2 potions of ambrosia {unknown}
 d - a potion of might {unknown}


   Skills:
 * Level 0.4 Fighting
 * Level 0.4 Short Blades
 * Level 1.0 Armour
 * Level 2.7 Dodging
 * Level 1.7 Stealth
 * Level 3.2 Spellcasting


You couldn't memorise any spells.
You knew the following spells:

 Your Spells              Type           Power      Damage    Failure   Level
a - Sting                 Tmut/Pois      52%        1d5       4%          1
b - Poisonous Vapours     Pois/Air       26%        N/A       7%          2
c - Mephitic Cloud        Conj/Pois/Air  13%        N/A       14%         3
d - Olgreb's Toxic Radia  Pois           13%        N/A       41%         4
e - Summon Small Mammal   Summ           52%        N/A       4%          1
Your spell library was empty.

Dungeon Overview and Level Annotations

Branches:
Dungeon (3/15)

Altars:

Annotations:
D:2 Natasha
D:3 2 transporters, Robin; Zeld's ghost, amateur MiBe


Innate Abilities, Weirdness & Mutations

You are immune to sickness and miasma.
You are immune to poison.
Your flesh is very heat resistant. (rF++)
You are vulnerable to cold. (rC-)
You float through the air rather than walking.
You learn spells naturally, not from books.
Your magical power is your life essence.
You have superior vitality. (+4 MHP)


Message History

You closely miss the bat. The bat hits you but does no damage.
You miss the bat. The bat misses you.
Casting: Poisonous Vapours (safe; 7% risk of failure)
Confirm with . or Enter, or press ? or * to list all spells.
Aiming: Sting (safe; 4% risk of failure)
Press: ? - help, Shift-Dir - straight line, f/p - bat
Aim: a bat (moderately wounded, poisoned, 57% to hit)
The sting hits the bat.
The bat looks even sicker.
You kill the bat!
Your magical contamination has completely faded away.
f - a scroll labelled QOERPH HAENEU You now have 125 gold pieces (gained 17).
Natasha, Servant of Life and Death comes into view.
You see here 15 gold pieces.
Natasha hisses angrily.
Natasha casts a spell.
You see here 15 gold pieces.
You now have 140 gold pieces (gained 15).
Casting: Sting (safe; 4% risk of failure)
Confirm with . or Enter, or press ? or * to list all spells.
The spell is astonishingly dangerous to miscast (41% risk of failure)!
Continue anyway?
You begin to radiate toxic energy.
Natasha is poisoned.
Natasha extends her claws.
The white imp grins evilly.
Natasha looks even sicker.
Your toxic aura wanes.
The white imp picks up a beetle and eats it.
Natasha drinks a potion.
Natasha seems to speed up.
Natasha claws you but does no damage.
You hit Natasha. You freeze Natasha.
Natasha is severely wounded.
Natasha claws you. The white imp gestures at you. The puff of frost hits you!
You feel a terrible chill!
* * * LOW HITPOINT WARNING * * *
Natasha stares at you and mumbles some strange words.
The magic dart hits you.
* * * LOW HITPOINT WARNING * * *
Okay, then.
Natasha attacks as you move away! Natasha claws you.
You die...

############# #...........# ###
#...........# #.. #...........#
#.# +...........# ..+
#......†....# #.# ####
#...........# #.# ..####
######...........###.#### #....
.....'.h@........+....... ##..#
#####.5.........###.####
....#####.....######.##### #.#
..............######.#######.####
..............+..................
..............######.##########..
............. #........# ##.
............. #........# #.
##'##......[. #........######.


You could see Natasha (fast, very poisoned) and a white imp (summoned).

Vanquished Creatures
  Natasha (D:2)
  An adder (D:2)
  2 dart slugs
  3 ball pythons
  A bat (D:2)
  3 giant cockroaches
  4 goblins
  3 hobgoblins
  A kobold (D:2)
  2 quokkas
  A frilled lizard (D:2)
  3 rats
25 creatures vanquished.

Vanquished Creatures (collateral kills)
  An endoplasm (D:2)
1 creature vanquished.

Grand Total: 26 creatures vanquished

Notes
Turn   | Place    | Note
-------+----------+-------------------------------------------
     0 | D:1      | Jafar the Djinni Venom Mage began the quest for the Orb.
     0 | D:1      | Jafar set off with the following spells memorised: Sting,
                  | Poisonous Vapours, Mephitic Cloud, Olgreb's Toxic Radiance.
     0 | D:1      | Reached XP level 1. HP: 15/15 MP: 0/0
   121 | D:1      | Reached XP level 2. HP: 5/21 MP: 0/0
   818 | D:3      | Noticed Robin
   833 | D:2      | Noticed Natasha
   848 | D:2      | Noticed a crimson imp
   850 | D:2      | Killed Natasha
   851 | D:2      | Reached skill level 3 in Spellcasting
   851 | D:2      | Reached XP level 3. HP: 5/25 MP: 0/0
   851 | D:2      | Learned a level 1 spell: Summon Small Mammal
  1244 | D:2      | Reached XP level 4. HP: 31/31 MP: 0/0
  1280 | D:2      | Reached skill level 1 in Armour
  1472 | D:3      | Found a transporter.
  1477 | D:3      | Noticed Zeld's ghost (amateur MiBe)
  1478 | D:3      | Found a transporter.
  1479 | D:3      | Noticed a phantom
  1554 | D:3      | Noticed a phantom
  1584 | D:3      | HP: 1/31 [hobgoblin[Robin] (5)]
  1869 | D:2      | Noticed Natasha
  1878 | D:2      | Slain by Natasha

Illustrated notes

Levels and vault maps discovered:
D:1:      saegor_arrival_simple_b, layout_loops_cross, fountainhead,
          minmay_misc_feat_alley, minmay_misc_feat_x
D:2:      layout_basic, uniq_natasha
D:3:      layout_basic, nicolae_wu_jian_wuxing_cycle, gammafunk_ghost_mausoleum,
          kennysheep_generic_room_13, uniq_ijyb, uniq_robin

Skill      XL: |  1  2  3  4 |
---------------+-------------+-----
Spellcasting   | 3 |  3.2
Armour         | 1 |  1.0
Fighting       | |  0.4
Short Blades   | |  0.4
Dodging        | |  2.7
Stealth        | |  1.7

Action                   |  1- 3 |  4- 6 || total
-------------------------+-------+-------++-------
Melee: Dagger            |     9 |    12 ||    21
 Cast: Sting             |     6 |     1 ||     7
       Poisonous Vapours |    15 |     4 ||    19
       Summon Small Mamm |     1 |     2 ||     3
       Mephitic Cloud    |       |     2 ||     2
       Olgreb's Toxic Ra |       |     1 ||     1
  Use: Potion            |       |     3 ||     3
       Scroll            |       |     2 ||     2
 Stab: Sleeping          |     1 |       ||     1
Armor: Robe              |     4 |     7 ||    11
Dodge: Dodged            |    21 |    27 ||    48
